 Dungeon Crawl Stone Soup version 0.22-a0-305-gd21a89c538 (webtiles) character file.

100 Oravi the Bolt Thrower (level 5, -9/30 HPs)
             Began as a Kobold Hunter on Mar 31, 2018.
             Killed by divine providence
             ... invoked by an orc priest
              (12 damage)
             ... on level 3 of the Dungeon.
             The game lasted 00:08:02 (2133 turns).

Oravi the Bolt Thrower (Kobold Hunter)              Turns: 2133, Time: 00:08:03

Health: -9/30      AC:  6    Str: 10    XL:     5   Next: 3%
Magic:  5/5        EV: 17    Int: 13    God:
Gold:   109        SH:  0    Dex: 15    Spells: 4/4 levels left

rFire    . . .     SeeInvis .   b - +0 short sword
rCold    . . .     Gourm    .   (shield restricted)
rNeg     + . .     Faith    .   c - +0 leather armour
rPois    .         Spirit   .   (no helmet)
rElec    .         Reflect  .   (no cloak)
rCorr    .         Harm     .   (no gloves)
MR       .....                  (no boots)
Stlth    ++........             (no amulet)
HPRegen  0.10/turn              n - ring of positive energy
MPRegen  0.09/turn              j - +3 ring of protection

@: hasted, very quick
A: small, carnivore
a: no special abilities


You were on level 3 of the Dungeon.
You were completely stuffed.

You visited 1 branch of the dungeon, and saw 3 of its levels.

You collected 109 gold pieces.

Inventory:

Hand Weapons
 a - a +1 hand crossbow
 b - a +0 short sword (weapon)
Missiles
 d - 21 bolts
Armour
 c - a +0 leather armour (worn)
Jewellery
 h - an uncursed ring of protection from cold
 j - a +3 ring of protection (right hand)
 n - a ring of positive energy (left hand)
Scrolls
 g - 4 scrolls of identify {unknown}
 k - a scroll of remove curse {unknown}
 m - 2 scrolls of fog {unknown}
Potions
 l - a potion of curing
 o - a potion of flight {unknown}
 p - a potion of mutation {unknown}
Comestibles
 f - 2 rations


   Skills:
 - Level 2.1 Fighting
 + Level 2.5 Short Blades
 - Level 5.0 Crossbows
 + Level 4.9 Dodging
 - Level 1.3 Stealth


You had 4 spell levels left.
You didn't know any spells.

Dungeon Overview and Level Annotations

Branches:
Dungeon (3/15)

Altars:
Gozag

Annotations:
D:3 thing2's ghost, amateur OgMo


Innate Abilities, Weirdness & Mutations

You are small and have problems with some larger weapons.
You are carnivorous and can eat meat at any time.


Message History

You barely miss the orc priest.
The orc priest is moderately wounded.
The orc priest hits you with a flail.
You hit the orc priest.
The orc priest is moderately wounded.
You hit the orc priest but do no damage.
The orc priest is moderately wounded.
The orc priest hits you with a flail.
You hit the orc priest.
The orc priest is heavily wounded.
The orc priest invokes the aid of Beogh against you.
Beogh smites you!
* * * LOW HITPOINT WARNING * * *
You hit the orc priest.
The orc priest is severely wounded.
You barely miss the orc priest.
The orc priest is severely wounded.
The orc priest mumbles some strange prayers to Beogh against you.
Beogh smites you!
You die...

### ### ##.## ##.##
##.#@#
##.#.####.###o((....
#.###......# #(.....
##.#.######.# ..[...
. ##.## ## .(... .##
#..# ..... .. #..#
..(# .. ###.### ...#
..##.....##


You could see an orc priest.

Vanquished Creatures
  An orc wizard (D:3)
  2 adders (D:2)
  2 dart slugs (D:1)
  A leopard gecko (D:2)
  2 orcs (D:3)
  4 goblins
  7 hobgoblins
  4 jackals (D:2)
  5 ball pythons (D:2)
  5 bats
  3 frilled lizards
  3 kobolds (D:2)
  8 rats
47 creatures vanquished.

Notes
Turn   | Place    | Note
-------+----------+-------------------------------------------
     0 | D:1      | Oravi the Kobold Hunter began the quest for the Orb.
     0 | D:1      | Reached XP level 1. HP: 12/12 MP: 1/1
    22 | D:1      | Reached skill level 5 in Crossbows
    33 | D:1      | Reached XP level 2. HP: 17/17 MP: 2/2
  1017 | D:2      | Reached XP level 3. HP: 21/21 MP: 3/3
  1276 | D:2      | Reached skill level 1 in Short Blades
  1544 | D:2      | Reached XP level 4. HP: 26/26 MP: 4/4
  1636 | D:2      | Found an opulent altar of Gozag.
  2002 | D:3      | Found an opulent altar of Gozag.
  2047 | D:3      | Noticed thing2's ghost (amateur OgMo)
  2111 | D:3      | Reached XP level 5. HP: 30/30 MP: 5/5
  2133 | D:3      | Killed from afar by an orc priest

Vault maps used:
D:1:      dpeg_arrival_boxorama, minivault_14
D:2:      old_standard_altar, minmay_shallow_snake_nest
D:3:      grunt_gozag_statues

Skill      XL: |  1  2  3  4 |
---------------+-------------+-----
Crossbows      | 5 |  5.0
Dodging        | 3 4 |  4.9
Short Blades   | 1 2 |  2.5
Fighting       | |  2.1
Stealth        | |  1.3

Action                   |  1- 3 |  4- 6 || total
-------------------------+-------+-------++-------
Melee: Short sword       |    33 |    23 ||    56
 Fire: Hand crossbow     |    56 |    19 ||    75
  Use: Potion            |     1 |     4 ||     5
  Eat: Chunk             |    10 |     2 ||    12
Armor: Leather armour    |    13 |     3 ||    16
Dodge: Dodged            |    36 |     8 ||    44

Table legend:
 A = Spawn XP
 B = Non-spawn XP
 C = Spawn XP percentage of total XP
 D = Spawn monster count
 E = Non-spawn monster count
 F = Spawn count percentage of total count
 G = Total turns spent on level
                    A         B        C        D         E        F      G
               +---------+---------+-------+---------+---------+-------+---------
         Total |       0 |     143 |   0.0 |       0 |      47 |   0.0 |  2133
               +---------+---------+-------+---------+---------+-------+---------
           D:1 |       0 |      26 |   0.0 |       0 |      14 |   0.0 |   996
           D:2 |       0 |      70 |   0.0 |       0 |      29 |   0.0 |  1044
           D:3 |       0 |      47 |   0.0 |       0 |       4 |   0.0 |    93
               +---------+---------+-------+---------+---------+-------+---------
